 Dungeon Crawl Stone Soup version 0.31-a0-795-g5eb97db20b (webtiles) character file.

Game seed: 3069958320842928661

60 demibob the Poker (level 4, 0/35 HPs)
             Began as a Merfolk Chaos Knight on Sept 19, 2023.
             Was a Plaything of Xom.
             Slain by Natasha (10 damage)
             ... on level 2 of the Dungeon.
             The game lasted 00:01:39 (1225 turns).

demibob the Poker (Merfolk Chaos Knight)            Turns: 1225, Time: 00:01:40

Health: 0/35       AC:  5    Str: 12    XL:     4   Next: 6%
Magic:  4/4        EV: 13    Int: 11    God:    Xom [..*...]
Gold:   75         SH:  0    Dex: 15    Spells: 3/3 levels left

rFire   . . .        a - +0 spear (chaos)
rCold   . . .        (no shield)
rNeg    . . .        b - +2 leather armour
rPois   +            (no helmet)
rElec   .            (no cloak)
rCorr   .            (no gloves)
SInv    .            (no boots)
Will    .....        (no amulet)
Stlth   +            P - ring of poison resistance
HPRegen 0.25/turn    (no ring)
MPRegen 0.09/turn

%: no passive effects
@: no status effects
A: (nimble swimmer 2), mertail
a: Renounce Religion


You were on level 2 of the Dungeon.
You worshipped Xom.
You were a toy of Xom.
You visited 1 branch of the dungeon, and saw 2 of its levels.

You collected 75 gold pieces.


Innate Abilities, Weirdness & Mutations

((You are very nimble when in or above water. (Stealth+, EV+, Speed+++)))
Your lower body shifts to a powerful aquatic tail in water.


   Skills:
 - Level 3.2 Fighting
 + Level 5.3 Polearms
 - Level 0.6 Armour
 + Level 4.4 Dodging


You had 3 spell levels left.
You didn't know any spells.
Your spell library was empty.

Inventory:

Hand Weapons
 a - a +0 spear of chaos (weapon)
Armour
 b - a +2 leather armour (worn)
Magical Staves
 f - a staff of air {!a}
Jewellery
 P - a ring of poison resistance (left hand)
Scrolls
 c - a scroll of butterflies
 h - a scroll of fear {unknown}
 i - a scroll of enchant weapon {unknown}
Potions
 e - a potion of enlightenment {unknown}
 g - 2 potions of haste {@q3}

Dungeon Overview and Level Annotations

Branches:
Dungeon (2/15)

Altars:

Annotations:
D:2 Natasha

...###.#.#.......................
.### #.#...........#######.######
.# #.#.#.########### #.# ##
#.###............ ..#
######.....###<######## #.#
............##.)....... ...
.####.####†.##..####### #.# .#
#.# #......####### #.# .# #..
...#..5.@.....# .#
#.###....5#h#####.# .# ###
#.##....# ## #. ###.#g # #. #....
# #. ..##.. # ▒.# .## # .. .w #
[▓▓ .B


You could see Natasha (fast, strong) and 2 cerulean imps.


Message History

Natasha is almost dead. "Hum-dee-hum-dee-hum..."
The cerulean imp seems to slow down.
The cerulean imp is no longer moving slowly.
The cerulean imp misses you.
You barely miss Natasha.
Natasha is almost dead.
Natasha claws you but does no damage. The cerulean imp barely misses you.
You closely miss Natasha.
Natasha is almost dead.
Natasha closely misses you.
A worm comes into view.
You hit Natasha.
Natasha seems to speed up.
Natasha is almost dead.
Natasha stares at you and mumbles some strange words.
The magic dart hits you.
* * * LOW HITPOINT WARNING * * *
The cerulean imp hits you but does no damage.
A giant cockroach comes into view.
Natasha claws you!
* * * LOW HITPOINT WARNING * * *
You feel better.
The cerulean imp hits you with a +0 spear.
* * * LOW HITPOINT WARNING * * *
Natasha mumbles some strange words.
The cerulean imp shouts!
The cerulean imp misses you. Natasha claws you!
You die...
Natasha begins licking her fur clean.
Xom is highly amused!

Skill      XL: |  1  2  3 |
---------------+----------+-----
Dodging        | 3 4 |  4.4
Polearms       | 5 |  5.3
Fighting       | |  3.2
Armour         | |  0.6

Action                     |  1- 3 |  4- 6 || total
---------------------------+-------+-------++-------
  Melee: Spear             |    97 |    15 ||   112
         Punch             |     2 |       ||     2
    Use: Scroll            |     2 |       ||     2
         Potion            |       |     1 ||     1
   Stab: Sleeping          |     3 |       ||     3
         Paralysed         |     1 |       ||     1
 Armour: Leather armour    |    37 |    11 ||    48
  Dodge: Dodged            |    45 |     7 ||    52

Levels and vault maps discovered:
D:1:      co_arrival_two_rings, layout_basic, st_stairs_5, minmay_lizard_pond
D:2:      layout_basic, nicolae_concentric_dashed_squares_wild, uniq_natasha

Notes
Turn   | Place    | Note
-------+----------+-------------------------------------------
     0 | D:1      | demibob the Merfolk Chaos Knight began the quest for the
                  | Orb.
     0 | D:1      | Reached XP level 1. HP: 18/18 MP: 1/1
    56 | D:1      | Reached skill level 3 in Dodging
    72 | D:1      | Reached XP level 2. HP: 16/24 MP: 2/2
   181 | D:1      | XOM: silly message
   489 | D:1      | XOM: confuse monster(s)
   493 | D:1      | Reached XP level 3. HP: 29/29 MP: 3/3
   684 | D:1      | XOM: silly message
   957 | D:1      | XOM: 1-stop teleportation journey
  1086 | D:2      | Noticed Natasha
  1091 | D:2      | Killed Natasha
  1092 | D:2      | Reached skill level 5 in Polearms
  1092 | D:2      | Reached skill level 4 in Dodging
  1144 | D:2      | Reached XP level 4. HP: 32/35 MP: 4/4
  1213 | D:2      | Noticed Natasha
  1220 | D:2      | XOM: enchant monster (good)
  1225 | D:2      | Slain by Natasha

Vanquished Creatures
  Natasha (D:2)
  A dart slug (D:1)
  2 endoplasms
  A giant cockroach (D:1)
  4 goblins
  2 hobgoblins (D:1)
  3 jackals (D:1)
  2 quokkas (D:1)
  2 ball pythons
  3 bats
  11 frilled lizards (D:1)
  A kobold (D:1)
33 creatures vanquished.

Table legend: (Time is in decaauts)
 A = Elapsed time spent in this place.
 B = Non-inter-level travel time spent in this place.
 C = Inter-level travel time spent in this place.
 D = Time resting spent in this place.
 E = Time spent auto-exploring this place.
 F = Levels seen in this place.
 G = Mean time per level.
                   A        B        C        D        E       F      G
               +--------+--------+--------+--------+--------+-----+--------+
         Total |   1209 |   1203 |      6 |      0 |   1033 |   2 |  604.5 |
       Dungeon |   1209 |   1203 |      6 |      0 |   1033 |   2 |  604.5 |
               +--------+--------+--------+--------+--------+-----+--------+

Top non-repeatable levels by time:
     D:1: 1049 daAuts
     D:2: 159 daAuts

Table legend:
 A = Non-vault XP
 B = Vault XP
 C = Vault XP percentage of total XP
 D = Non-vault monster count
 E = Vault monster count
 F = Vault count percentage of total count
                 A         B        C        D         E       F
            +---------+---------+-------+---------+---------+-------
      Total |      32 |      55 |  63.2 |      19 |      14 |  42.4
            +---------+---------+-------+---------+---------+-------
        D:1 |      25 |      18 |  41.9 |      15 |      13 |  46.4
        D:2 |       7 |      37 |  84.1 |       4 |       1 |  20.0
            +---------+---------+-------+---------+---------+-------
